 Dungeon Sprint DCSS version 0.31-a0-744-gbc345e7fcb (webtiles) character file.

Game seed: 2259869217706938535

481 rocky1 the Spear-Bearer (level 7, -1/105 HPs)
             Began as a Naga Gladiator on Sept 14, 2023.
             Was a High Priest of Cheibriados.
             Slain by a ghost moth (7 damage)
             ... in the Dungeon (Sprint VII: "The Pits").
             The game lasted 00:02:26 (630 turns).

rocky1 the Spear-Bearer (Naga Gladiator)             Turns: 630, Time: 00:02:27

Health: -1/105     AC:  9    Str: 28 (32) XL:     7   Next: 12%
Magic:  0/10       EV: 12    Int: 22 (23) God:    Cheibriados [*****.]
Gold:   0          SH:  0    Dex: 24 (26) Spells: 6/6 levels left

rFire   . . .        p - +2 trident
rCold   . . .        (no shield)
rNeg    . . .        r - +3 ring mail
rPois   +            c - +0 helmet
rElec   .            (no cloak)
rCorr   .            (no gloves)
SInv    +            (no barding)
Will    .....        (no amulet) Stlth
                     (no ring)
HPRegen 0.37/turn    (no ring)
MPRegen 0.12/turn

%: no teleportation
@: berserking, very slow
A: AC +2, large, see invisible, deformed body, poison resistance, slowness 2,
spit poison 1, naga tail 1
a: Spit Poison, Renounce Religion, Bend Time, Temporal Distortion, Slouch, Step
From Time


You were in the Dungeon.
You worshipped Cheibriados.
Cheibriados was extremely pleased with you.
You visited 1 branch

Inventory:

Hand Weapons
 a - a +0 trident
 p - a +2 trident (weapon)
 q - a +0 heavy trident
Missiles
 d - 3 throwing nets (quivered)
 e - a javelin
Armour
 b - a +0 leather armour
 c - a +0 helmet (worn)
 r - a +3 ring mail (worn)
Scrolls
 k - a scroll of blinking
 m - 2 scrolls of vulnerability
 n - 5 scrolls of amnesia
 o - a scroll of summoning
Potions
 f - 5 potions of curing
 g - 5 potions of heal wounds
 h - a potion of haste
 i - 4 potions of magic
 l - 2 potions of invisibility


   Skills:
 + Level 6.7 Fighting
 * Level 10.0 Polearms
 - Level 2.6 Throwing
 - Level 2.0 Armour
 - Level 4.2 Dodging
 + Level 9.0 Stealth
 + Level 4.8 Invocations


You had 6 spell levels left.
You didn't know any spells.
Your spell library was empty.

Dungeon Overview and Level Annotations

Branches:
Dungeon (1/1)

Altars:
Ashenzari
Cheibriados
Dithmenos
Elyvilon
Fedhas
Gozag
Hepliaklqana
Kikubaaqudgha
Makhleb
Nemelex Xobeh
Okawaru
Qazlal
Ru
Sif Muna
Trog
Uskayaw
Vehumet
Wu Jian
Xom
Yredelemnul
Zin
The Shining One
Jiyva
Lugonu


Innate Abilities, Weirdness & Mutations

Your serpentine skin is tough. (AC +2)
You have supernaturally acute eyesight. (SInv)
Armour fits poorly on your strangely shaped body.
Your system is resistant to poisons. (rPois)
You cover ground very slowly.
You can spit poison.
You have a snake-like lower body.


Message History

You feel mighty! The ghost moth stares at you.
You feel your power leaking away. The ghost moth hits you!
You feel weakened. The ghost moth closely misses you.
The ghost moth stings you!
You closely miss the ghost moth. The ghost moth hits you!
The ghost moth barely misses you. The ghost moth stings you!
You feel weakened.
You closely miss the ghost moth. The ghost moth stares at you.
The ghost moth hits you but does no damage.
The ghost moth misses you.
The ghost moth stings you but does no damage.
You puncture the ghost moth!
The ghost moth is moderately wounded.
The ghost moth hits you!
You feel clumsy. The ghost moth barely misses you. The ghost moth stings you!
* * * LOW HITPOINT WARNING * * *
You feel clumsy.
You closely miss the ghost moth.
The ghost moth is moderately wounded.
The ghost moth hits you but does no damage.
The ghost moth closely misses you. The ghost moth misses you.
You hit the ghost moth.
The ghost moth is moderately wounded.
The ghost moth stares at you.
The ghost moth hits you but does no damage.
The ghost moth hits you!
* * * LOW HITPOINT WARNING * * *
You feel dopey. The ghost moth stings you!
* * * LOW HITPOINT WARNING * * *
You feel weakened.
You puncture the ghost moth!
The ghost moth is heavily wounded.
The ghost moth stares at you. The ghost moth hits you!
You die...

#)#..#.))).##.......#
#)###########.......#
#†......# #########
#..###..# #.......#
##.###.##+#
#.......#.+
#..###..#y#
#.......'@#
###########


You could see a ghost moth (invisible).

Vanquished Creatures
  A floating eye (D)
  2 scorpions (D)
  3 wights (D)
  2 iron imps (D)
  An iguana (D)
  An adder (D)
  An ufetubus (D)
  An orc (D)
  A bat zombie (D)
  A giant cockroach (D)
  6 jackals (D)
  A kobold (D)
  A rat (D)
22 creatures vanquished.

Notes
Turn   | Place    | Note
-------+----------+-------------------------------------------
     0 | D        | rocky1 the Naga Gladiator began the quest for the Orb.
     0 | D        | Reached XP level 1. HP: 19/19 MP: 1/1
   156 | D        | Found a bloodstained altar of Trog.
   156 | D        | Found a shimmering blue altar of Sif Muna.
   156 | D        | Found a viscous altar of Jiyva.
   156 | D        | Found a hazy altar of Hepliaklqana.
   156 | D        | Found an opulent altar of Gozag.
   157 | D        | Found a glowing golden altar of the Shining One.
   157 | D        | Found a glowing silver altar of Zin.
   157 | D        | Found a basalt altar of Yredelemnul.
   157 | D        | Found a shimmering altar of Xom.
   157 | D        | Found an ornate altar of the Wu Jian Council.
   157 | D        | Found a sacrificial altar of Ru.
   157 | D        | Found a stormy altar of Qazlal.
   157 | D        | Found an iron altar of Okawaru.
   157 | D        | Found a sparkling altar of Nemelex Xobeh.
   157 | D        | Found a burning altar of Makhleb.
   157 | D        | Found a blossoming altar of Fedhas.
   157 | D        | Found a white marble altar of Elyvilon.
   157 | D        | Found a shadowy altar of Dithmenos.
   157 | D        | Found a snail-covered altar of Cheibriados.
   161 | D        | Found a corrupted altar of Lugonu.
   161 | D        | Found a radiant altar of Vehumet.
   162 | D        | Found a broken altar of Ashenzari.
   162 | D        | Found an ancient bone altar of Kikubaaqudgha.
   162 | D        | Found a hide-covered altar of Uskayaw.
   168 | D        | Became a worshipper of Cheibriados the Contemplative
   210 | D        | Noticed a scorpion
   218 | D        | Reached * piety under Cheibriados
   225 | D        | Killed a scorpion
   226 | D        | Reached skill level 5 in Polearms
   226 | D        | Reached XP level 2. HP: 4/28 MP: 2/2
   226 | D        | Reached XP level 3. HP: 5/34 MP: 3/3
   226 | D        | Reached XP level 4. HP: 6/42 MP: 4/4
   283 | D        | Reached ** piety under Cheibriados
   284 | D        | Reached skill level 1 in Stealth
   291 | D        | Noticed a scorpion
   305 | D        | Killed a scorpion
   306 | D        | Reached skill level 6 in Polearms
   306 | D        | Reached XP level 5. HP: 19/51 MP: 5/5
   306 | D        | Reached *** piety under Cheibriados
   307 | D        | Reached skill level 7 in Polearms
   307 | D        | Reached skill level 5 in Stealth
   308 | D        | Reached **** piety under Cheibriados
   488 | D        | Noticed a floating eye
   493 | D        | Reached ***** piety under Cheibriados
   498 | D        | Paralysed by a floating eye for 3 turns
   508 | D        | Paralysed by a floating eye for 2 turns
   513 | D        | Reached skill level 5 in Fighting
   513 | D        | Reached skill level 8 in Polearms
   513 | D        | Reached skill level 1 in Invocations
   513 | D        | Paralysed by a floating eye for 2 turns
   517 | D        | Reached XP level 6. HP: 26/61 MP: 5/7
   520 | D        | Paralysed by a floating eye for 2 turns
   523 | D        | Killed a floating eye
   524 | D        | Reached skill level 9 in Polearms
   524 | D        | Reached XP level 7. HP: 32/70 MP: 1/10
   620 | D        | Reached skill level 10 in Polearms
   622 | D        | Noticed a ghost moth
   630 | D        | Slain by a ghost moth

Illustrated notes

Levels and vault maps discovered:
D:        pitsprint [storerooms_1, entrance_room_1, metal_vault_2, armoury_1,
          mini_pit_1, grid_room_1, main_hall_1, silver_pit, the_coven_2,
          the_vestibule_1, steel_vault_3, golden_pit, hallway_of_sentries,
          crystal_vault_6, iron_vault_2, final_vault]

Skill      XL: |  1  2  3  4  5  6  7 |
---------------+----------------------+-----
Throwing       | 2 |  2.6
Fighting       | 3 4 5 6 |  6.7
Polearms       | 5 6 8 9 10 | 10.0
Armour         | 2 |  2.0
Dodging        | 4 |  4.2
Stealth        | 4 6 8 9 |  9.0
Invocations    | 2 4 |  4.8

Action                     |  1- 3 |  4- 6 |  7- 9 || total
---------------------------+-------+-------+-------++-------
  Melee: Trident           |    18 |    49 |    12 ||    79
 Invoke: Slouch            |       |     1 |       ||     1
    Use: Potion            |     1 |     3 |     1 ||     5
   Stab: Sleeping          |       |     1 |       ||     1
 Armour: Leather armour    |    14 |    29 |       ||    43
         Ring mail         |       |    16 |    15 ||    31
  Dodge: Dodged            |     9 |    41 |    10 ||    60

Table legend: (Time is in decaauts)
 A = Elapsed time spent in this place.
 B = Non-inter-level travel time spent in this place.
 C = Inter-level travel time spent in this place.
 D = Time resting spent in this place.
 E = Time spent auto-exploring this place.
 F = Levels seen in this place.
 G = Mean time per level.
                   A        B        C        D        E       F      G
               +--------+--------+--------+--------+--------+-----+--------+
         Total |    803 |    760 |     43 |    379 |      0 |   1 |  803.0 |
       Dungeon |    803 |    760 |     43 |    379 |      0 |   1 |  803.0 |
               +--------+--------+--------+--------+--------+-----+--------+

Top non-repeatable levels by time:
       D: 803 daAuts
